 Dungeon Crawl Stone Soup version 0.29-a0-284-gf9362112df (webtiles) character file.

Game seed: 14434899111958368121

67 sizableburger the Ducker (level 3, -1/22 HPs)
             Began as a Deep Elf Gladiator on Mar 29, 2022.
             Slain by a goblin
             ... wielding a +0 club
             ... led by Robin
              (5 damage)
             ... on level 2 of the Dungeon.
             The game lasted 00:05:03 (2484 turns).

sizableburger the Ducker (Deep Elf Gladiator)       Turns: 2484, Time: 00:05:03

Health: -1/22      AC:  7    Str: 11    XL:     3   Next: 98%
Magic:  6/6        EV: 13    Int: 12    God:
Gold:   112        SH:  0    Dex: 18    Spells: 1/3 levels left

rFire   . . .      SeeInvis .   a - +1 long sword
rCold   . . .      Faith    .   (no shield)
rNeg    . . .      Spirit   .   b - +0 leather armour
rPois   .          Reflect  .   c - +0 helmet
rElec   .          Harm     .   (no cloak)
rCorr   +          Rampage  .   j - +0 pair of gloves
Will    .....                   m - +1 pair of boots
Stlth   +.........              (no amulet)
HPRegen 0.07/turn               g - ring of resist corrosion
MPRegen 0.10/turn               (no ring)

@: flying (expiring)
A: no striking features
a: no special abilities


You were on level 2 of the Dungeon.
You visited 1 branch of the dungeon, and saw 3 of its levels.

You collected 112 gold pieces.

Inventory:

Hand Weapons
 a - a +1 long sword (weapon)
Missiles
 e - a javelin (quivered)
 h - 91 stones
Armour
 b - a +0 leather armour (worn)
 c - a +0 helmet (worn)
 j - a +0 pair of gloves (worn)
 m - a +1 pair of boots (worn)
Jewellery
 g - a ring of resist corrosion (left hand)
Scrolls
 i - a scroll of immolation


   Skills:
 + Level 2.3 Fighting
 + Level 3.3 Long Blades
 - Level 2.0 Throwing
 - Level 4.3 Dodging
 + Level 0.6 Spellcasting
 + Level 0.4 Translocations


You had one spell level left.
You knew the following spells:

 Your Spells              Type           Power      Damage    Failure   Level
a - Blink                 Tloc           2%         N/A       47%         2

Your spell library contained the following spells:

 Spells                   Type           Power      Damage    Failure   Level
 Lesser Beckoning         Tloc           1%         N/A       71%         3
 Manifold Assault         Tloc           1%         N/A       100%        5
 Storm Form               Tmut/Air       0%         N/A       100%        7


Dungeon Overview and Level Annotations

Branches:
Dungeon (3/15)

Altars:

Shops:
D:1 [

Annotations:
D:2 Robin
D:3 Terence


Message History

Are you sure you want to cancel this blink?
Okay, then.
As you read the scroll labelled PUUNOU PUSIREA, it crumbles to dust.
It was a scroll of blinking.
The goblin struggles against the net.
The net rips apart, and the goblin comes free!
Unknown command.
You aren't carrying any potions.
Okay, then.
You aren't carrying any items that you can evoke.
The goblin misses you.
You fly upwards.
Level annotation: Robin Robin says, "Duck!"
The goblin barely misses you. The goblin closely misses you.
There is a stone staircase leading down, spattered with blood here.
Unknown command.
The goblin attacks as you move away! The goblin misses you. x2
Robin says, "Duck!"
The goblin attacks as you move away! The goblin hits you with a +0 club.
* * * LOW HITPOINT WARNING * * *
The goblin attacks as you move away! The goblin barely misses you.
Okay, then.
The goblin attacks as you move away! The goblin hits you with a +0 club.
* * * LOW HITPOINT WARNING * * *
The goblin attacks as you move away! The goblin closely misses you.
Robin throws the goblin at you! The goblin closely misses you.
The goblin attacks as you move away! The goblin misses you.
The goblin hits you but does no damage.
The goblin no longer looks unusually strong.
The goblin attacks as you move away! The goblin misses you.
You are starting to lose your buoyancy.
Robin throws the goblin at you! The goblin closely misses you.
The goblin hits you but does no damage. The goblin attacks as you move away!
The goblin hits you but does no damage.
The goblin no longer looks unusually strong.
The goblin misses you.
Robin roars a battlecry!
The goblins go into a battle-frenzy!
The goblin attacks as you move away! The goblin hits you with a +0 club.
You die...

####### #.....# .#
#.###.########.#
#.###.g........#
######.##....######.####
#...##.>.......###..[...
##.......................
...............gg##.#.#...
[##.#####.#...##@......#
.##.# #.#...##<##.#.#.#
.##.# #.#..###.# .....
.##.# #.#<.# #.# ......
##### ###### ### ##b### .♣
♣


You could see Robin and 2 goblins.

Vanquished Creatures
  An adder (D:2)
  A worm (D:1)
  A dart slug (D:1)
  A ball python (D:1)
  4 bats
  An endoplasm (D:2)
  2 giant cockroaches (D:1)
  8 goblins
  6 hobgoblins
  4 jackals (D:1)
  A quokka (D:1)
  5 frilled lizards
  6 kobolds
  10 rats
51 creatures vanquished.

Notes
Turn   | Place    | Note
-------+----------+-------------------------------------------
     0 | D:1      | sizableburger the Deep Elf Gladiator began the quest for
                  | the Orb.
     0 | D:1      | Reached XP level 1. HP: 12/12 MP: 3/3
   418 | D:1      | Found Hobliph's Antique Armour Shop.
   430 | D:1      | Reached XP level 2. HP: 13/17 MP: 4/4
   836 | D:1      | Reached skill level 4 in Dodging
  1469 | D:1      | Reached XP level 3. HP: 17/21 MP: 5/5
  1573 | D:2      | Noticed Terence
  2054 | D:3      | Learned a level 2 spell: Blink
  2251 | D:2      | Noticed Robin
  2484 | D:2      | Slain by a goblin

Illustrated notes

Levels and vault maps discovered:
D:1:      dpeg_arrival_prison, layout_basic, serial_shops,
          nicolae_shop_advertising_works [nicolae_subvault_shop_adworks],
          minivault_4
D:2:      kb_forest_paths, layout_loops_ring, uniq_robin, uniq_terence
D:3:      layout_basic

Skill      XL: |  1  2 |
---------------+-------+-----
Fighting       | 2 |  2.3
Long Blades    | 3 |  3.3
Dodging        | 4 |  4.3
Throwing       | |  2.0
Spellcasting   | |  0.6
Translocations | |  0.4

Action                   || total
-------------------------++-------
Melee: Long sword        ||   140
       Punch             ||     3
Throw: Stone             ||    24
       Javelin           ||     1
       Throwing net      ||     4
  Use: Scroll            ||     4
       Potion            ||     2
 Stab: Sleeping          ||     2
Armor: Leather armour    ||    52
Dodge: Dodged            ||   134

Table legend: (Time is in decaauts)
 A = Elapsed time spent in this place.
 B = Non-inter-level travel time spent in this place.
 C = Inter-level travel time spent in this place.
 D = Time resting spent in this place.
 E = Time spent auto-exploring this place.
 F = Levels seen in this place.
 G = Mean time per level.
                   A        B        C        D        E       F      G
               +--------+--------+--------+--------+--------+-----+--------+
         Total |   2528 |   2381 |    147 |    464 |   1435 |   3 |  842.7 |
       Dungeon |   2528 |   2381 |    147 |    464 |   1435 |   3 |  842.7 |
               +--------+--------+--------+--------+--------+-----+--------+

Top non-repeatable levels by time:
     D:1: 1569 daAuts
     D:3: 491 daAuts
     D:2: 466 daAuts
